 Dungeon Crawl Stone Soup version 0.29.1-13-g9f3cf754e1 (webtiles) character file.

Game seed: 4323412222099736050

1486 Thatpatchoflichen the Trooper (level 8, 0/71 HPs)
             Began as a Pale Draconian Gladiator on Feb 1, 2023.
             Was an Initiate of Ru.
             Killed by vampiric draining
             ... invoked by a vampire
              (13 damage)
             ... on level 6 of the Dungeon.
             The game lasted 00:21:12 (6741 turns).

Thatpatchoflichen the Trooper (DrGl)                Turns: 6741, Time: 00:21:13

Health: 0/71       AC: 10    Str: 22    XL:     8   Next: 50%
Magic:  8/8        EV: 20    Int:  8    God:    Ru [......]
Gold:   331        SH:  0    Dex: 19    Spells: 7/7 levels left

rFire   . . .      SeeInvis .   L - +0 halberd (freeze)
rCold   + + +      Faith    .   (shield currently unavailable)
rNeg    . . .      Spirit   .   (body armour unavailable)
rPois   .          Reflect  .   b - +0 hat
rElec   .          Harm     .   (no cloak)
rCorr   .          Rampage  .   t - +2 pair of gloves "Ocyx" {rC+++ Str+3}
Will    .....                   w - +0 pair of boots
Stlth   ++........              (no amulet)
HPRegen 0.21/turn               i - +4 ring of evasion
MPRegen 0.11/turn               s - +6 ring of dexterity

@: no status effects
A: breathe steam, AC +6, unfitting armour, cold-blooded, steam resistance
a: Breathe Steam, Renounce Religion


You were on level 6 of the Dungeon.
You worshipped Ru.
Ru was noncommittal.
You visited 2 branches of the dungeon, and saw 8 of its levels.

You collected 331 gold pieces.

Inventory:

Hand Weapons
 a - a +0 trident
 L - a +0 halberd of freezing (weapon)
Missiles
 c - 3 throwing nets
 d - 4 javelins
 f - 5 poisoned darts (quivered)
Armour
 b - a +0 hat (worn)
 t - the +2 pair of gloves "Ocyx" (worn) {rC+++ Str+3}
   (You found it on level 2 of the Dungeon)

   Str:       It affects your strength (+3).
   rC:        It renders you almost immune to cold.
 w - a +0 pair of boots (worn)
 F - an orb of energy
Jewellery
 i - a +4 ring of evasion (left hand)
 r - a ring of protection from fire
 s - a +6 ring of dexterity (right hand)
 E - a ring of fire
Wands
 B - a wand of polymorph (7)
 G - a wand of flame (13)
 K - a wand of mindburst (18)
Scrolls
 e - a scroll of enchant armour {unknown}
 h - a scroll of identify
 l - 2 scrolls of blinking {unknown}
 m - 2 scrolls of noise {unknown}
 p - 3 scrolls of vulnerability
 u - 4 scrolls of teleportation {unknown}
 x - 2 scrolls of magic mapping {unknown}
 D - a scroll of brand weapon {unknown}
 H - 2 scrolls of poison {unknown}
Potions
 g - 2 potions of invisibility
 j - 2 potions of curing
 k - 3 potions of haste
 n - a potion of brilliance {unknown}
 o - 2 potions of berserk rage
 q - a potion of cancellation
 v - a potion of magic
 z - a potion of attraction {unknown}
 A - a potion of flight {unknown}
 C - a potion of lignification {unknown}
 I - 2 potions of heal wounds {unknown}
 J - a potion of mutation {unknown}
Miscellaneous
 y - a piece from Xom's chessboard (15/15)


   Skills:
 + Level 6.7 Fighting
 + Level 6.6 Polearms
 - Level 1.7 Throwing
 + Level 6.5 Dodging


You had 7 spell levels left.
You didn't know any spells.
Your spell library contained the following spells:

 Spells                   Type           Power      Damage    Failure   Level
 Foxfire                  Conj/Fire      0%         2x1d4     41%         1
 Ensorcelled Hibernation  Hex/Ice        0%         N/A       54%         2
 Passwall                 Tmut/Erth      0%         N/A       54%         2
 Poisonous Vapours        Pois/Air       0%         N/A       54%         2
 Conjure Flame            Conj/Fire      0%         6-21      78%         3
 Inner Flame              Hex/Fire       0%         N/A       78%         3
 Swiftness                Air            0%         N/A       78%         3
 Corpse Rot               Necr/Pois/Air  0%         N/A       99%         4
 Flame Wave               Conj/Fire      0%         2d4       99%         4


Dungeon Overview and Level Annotations

Branches:
Dungeon (7/15)             Temple (1/1) D:7

Altars:
Cheibriados
Dithmenos
Elyvilon
Fedhas
Gozag
Hepliaklqana
Kikubaaqudgha
Makhleb
Okawaru
Qazlal
Ru
Sif Muna
Trog
Uskayaw
Vehumet
Wu Jian
Xom
Yredelemnul
Zin
The Shining One

Shops:
D:4 *   D:6 !


Innate Abilities, Weirdness & Mutations

You can breathe blasts of scalding, opaque steam.
Your pale cyan-grey scales are hard. (AC +6)
You cannot fit into any form of body armour.
You are cold-blooded and may be slowed by cold attacks.
You are immune to the effects of steam.


Message History

Press: ? - help, Dir - move target You reach to attack!
You miss something.
You hear some strange, mumbled words.
You are confused.
You're too confused to move!
Something barely misses you. Something bites you.
Something draws strength from your injuries!
Something hits you but does no damage. Something bites you.
Something draws strength from your injuries!
You miss something.
Your tail-slap misses something.
Something hits you. Something bites you!
Something draws strength from your injuries!
You miss something.
Your tail-slap misses something.
Something hits you but does no damage. Something bites you but does no damage.
You barely miss something.
You feel less confused. Something hits you. Something bites you.
Something draws strength from your injuries!
You hit something. You freeze something. Something closely misses you.
Something bites you.
Something draws strength from your injuries!
You hear some strange, mumbled words.
Something tries to affect you, but you resist.
You slash something! You freeze something. Something closely misses you.
Something bites you.
Something draws strength from your injuries!
You miss something. You tail-slap something.
Something hits you but does no damage. Something closely misses you.
You closely miss something. Something misses you. Something closely misses you.
You barely miss something. Something closely misses you. Something bites you.
Something draws strength from your injuries!
You slash something! You freeze something. Something barely misses you.
Something bites you.
Something draws strength from your injuries!
You miss something. Something barely misses you. Something bites you.
Something draws strength from your injuries!
You closely miss something. Something barely misses you. Something bites you!
* * * LOW HITPOINT WARNING * * *
Something draws strength from your injuries!
Something draws life force from you!
You die...

##.....#......#
##.####.'.
#####........#
#......## ###......#
######... #......#
#.#####.# #......##
#........ #.......#
#.###.... ##......#
#.###.#..
#####..########.##...#.
#...@{......#.##...#.
#.####.............##
...# #.......##V>...)
##.## #.......#......#
#?.####.......#.##...#
##....................
#...####..####.._..##
##..................
#######.#.#########


There were no monsters in sight!

Vanquished Creatures
  3 ice beasts
  A sky beast (D:5)
  4 ogres
  A necrophage (D:5)
  2 scorpions
  3 orc priests
  2 hounds (D:5)
  3 iguanas
  2 orc wizards (D:6)
  Robin (D:4)
  7 gnolls
  13 adders
  A shadow imp (D:5)
  A white imp (D:5)
  4 worms
  2 dart slugs (D:2)
  9 orcs
  10 endoplasms
  4 giant cockroaches
  12 goblins
  12 hobgoblins
  4 jackals (D:2)
  2 quokkas
  5 ball pythons
  8 bats
  5 frilled lizards
  6 kobolds
  4 rats (D:1)
131 creatures vanquished.

Vanquished Creatures (others)
  An orc wizard (D:6)
  2 fungi (D:3)
3 creatures vanquished.

Grand Total: 134 creatures vanquished

Notes
Turn   | Place    | Note
-------+----------+-------------------------------------------
     0 | D:1      | Thatpatchoflichen the Draconian Gladiator began the quest
                  | for the Orb.
     0 | D:1      | Reached XP level 1. HP: 17/17 MP: 1/1
   375 | D:1      | Reached XP level 2. HP: 21/25 MP: 2/2
  1163 | D:2      | Reached XP level 3. HP: 23/30 MP: 3/3
  1669 | D:2      | Identified the +2 pair of gloves "Ocyx" {rC+++ Str+3}
  2297 | D:3      | Reached XP level 4. HP: 38/38 MP: 4/4
  2861 | D:3      | Found a faded altar of an unknown god.
  2991 | D:4      | Found a hazy altar of Hepliaklqana.
  3044 | D:4      | Noticed Robin
  3080 | D:4      | Killed Robin
  3081 | D:4      | Reached XP level 5. HP: 45/46 MP: 5/5
  3242 | D:4      | Found a shimmering altar of Xom.
  3281 | D:4      | Found Keir's Lightly-Used Armoury.
  3609 | D:5      | Entered Level 5 of the Dungeon
  3709 | D:6      | Found Osul's Distillery.
  4023 | D:6      | Reached XP level 6. HP: 44/53 MP: 6/6
  4494 | D:5      | Reached skill level 5 in Fighting
  4494 | D:5      | Reached skill level 5 in Polearms
  4843 | D:5      | Your scales start taking on a pale cyan-grey colour.
  4843 | D:5      | Reached XP level 7. HP: 57/61 MP: 7/7
  4843 | D:5      | Gained mutation: You are immune to the effects of steam.
                  | [Pale Draconian growth]
  5262 | D:5      | Reached skill level 5 in Dodging
  5368 | D:5      | Reached XP level 8. HP: 69/70 MP: 8/8
  5673 | D:6      | Found a shadowy altar of Dithmenos.
  5964 | D:6      | Found an opulent altar of Gozag.
  5978 | D:7      | Found a staircase to the Ecumenical Temple.
  5983 | Temple   | Entered the Ecumenical Temple
  6265 | Temple   | Became a worshipper of Ru the Awakened
  6741 | D:6      | Killed from afar by a vampire

Illustrated notes

Levels and vault maps discovered:
D:1:      mrwooster_arrival_statue_3, layout_loops_corners
D:2:      layout_basic
D:3:      layout_rooms, shapermc_ecumenical_altar_acropolis
D:4:      layout_basic, mainiacjoe_overflow_paths, xom_butterflies,
          minmay_shop_damaged, uniq_robin
D:5:      minmay_angry_zag, layout_cave_pools, serial_rivers,
          chequers_serial_rivers_large_a, chequers_serial_rivers_micro_b,
          chequers_serial_rivers_small_a, chequers_serial_rivers_micro_b,
          chequers_serial_rivers_small_b, hangedman_decor_riveting,
          nicolae_elevator_lobby_plus
D:6:      layout_basic, ashenzari_altar_1, mainiacjoe_overflow_surrounded_room,
          mainiacjoe_overflow_boulevard, serial_shops, shop,
          dreamdust_wishing_well
D:7:      gammafunk_beogh_shrine, layout_cave_pods,
          minmay_temple_entry_butterflies
Temple:   kb_temple_of_zot

Skill      XL: |  1  2  3  4  5  6  7  8 |
---------------+-------------------------+-----
Dodging        | 3 4 5 6 |  6.5
Fighting       | 3 4 5 6 |  6.7
Polearms       | 4 5 6 |  6.6
Throwing       | |  1.7

Action                   |  1- 3 |  4- 6 |  7- 9 || total
-------------------------+-------+-------+-------++-------
Melee: Trident           |   142 |   167 |       ||   309
       Punch             |     1 |     1 |       ||     2
       Tailslap          |     9 |    26 |    15 ||    50
       Halberd           |       |    24 |   127 ||   151
  Use: Scroll            |       |     7 |       ||     7
 Stab: Sleeping          |     2 |     2 |       ||     4
Armor: Skin              |    81 |    49 |    49 ||   179
Dodge: Dodged            |   148 |   163 |   113 ||   424
